AoeStats
← 钓鱼佬

Arena

509871093Analyzed
4v4 RM · 3d ago on Sep 28, 2026· 33m 10s· 8 players
Game mode
Random Map
Map size
Large (8 player)
Population
200
Speed
Normal
Resources
Standard
Victory
Conquest
Starting age
Dark Age
Ending age
Imperial Age
RankedLock teamsTeams togetherTeam positionsShared explorationLock speedFull tech treeHidden civsTurbo modeCheats
Victory
Defeat
🇨🇳 Muisca · China
1780
+8
1710
+11
🇨🇳 Spanish · China
1525
+18
🇨🇳 Burgundians · China
1516
+18
1614
-15
1612
-15
1556
-13
1544
-12
[韓粉戰隊] 南飄賣菜郎
10:20 Feudal Age
14:02 Castle Age
12:15 Double-Bit Axe
14:42 Horse Collar
20:09 Heavy Plow
21:44 Wheelbarrow
21:33 Gold Mining
23:11 Gold Shaft Mining
23:15 Bow Saw
23:30 Loom
24:52 Hand Cart
27:39 Imperial Age
25:14 Husbandry
25:17 Scale Mail Armor
25:23 Scale Barding Armor
25:45 Bloodlines
25:45 Scale Barding Armor
25:43 Light Cavalry
26:28 Devotion
26:51 Forging
27:02 Chain Barding Armor
26:42 Stone Mining
27:19 Hussar
28:38 Iron Casting
28:24 Cavalier
33:04 Plate Barding Armor
32:34 Town Watch
33:11 Conscription
[韓粉戰隊] 台北庶民
9:54 Feudal Age
13:45 Castle Age
13:09 Double-Bit Axe
13:05 Horse Collar
16:02 Bow Saw
20:39 Wheelbarrow
20:05 Stone Mining
22:29 Fletching
24:06 Scale Mail Armor
25:19 Squires
25:51 Chain Mail Armor
27:36 Arson
27:20 Champi Runner
29:12 Devotion
30:19 Champi Warrior
[韓粉戰隊] 鋼鐵韓粉
10:32 Feudal Age
14:22 Castle Age
12:14 Double-Bit Axe
13:04 Horse Collar
16:04 Bow Saw
16:37 Wheelbarrow
22:25 Padded Archer Armor
23:35 Town Watch
23:37 Loom
24:14 Leather Archer Armor
25:06 Gold Mining
26:44 Fletching
26:59 Husbandry
27:09 Bloodlines
27:19 Heavy Plow
31:17 Imperial Age
31:05 Bodkin Arrow
[韓粉戰隊] 跟著月亮走
10:32 Feudal Age
14:07 Castle Age
12:06 Double-Bit Axe
12:43 Horse Collar
15:03 Bow Saw
15:03 Heavy Plow
17:44 Loom
19:14 Wheelbarrow
21:13 Hand Cart
23:55 Gold Mining
26:49 Imperial Age
25:24 Devotion
25:48 Scale Barding Armor
26:08 Bloodlines
26:51 Chain Barding Armor
26:45 Stone Mining
27:23 Husbandry
26:49 Cavalier
28:07 Plate Barding Armor
28:02 Forging
30:12 Conscription
31:20 Iron Casting
30:43 Elite Varangian Guard
31:45 Squires
31:30 Gambesons
31:44 Arson
32:00 Scale Mail Armor
33:47 Blast Furnace
33:04 Chain Mail Armor
32:25 Gothikon
SaKuRuaba Ema
10:44 Feudal Age
11:30 Double-Bit Axe
11:49 Horse Collar
14:36 Castle Age
15:48 Bow Saw
16:33 Wheelbarrow
20:22 Fervor
22:14 Loom
24:31 Hand Cart
26:01 Heavy Plow
29:15 Imperial Age
26:48 Gold Mining
27:21 Padded Archer Armor
27:27 Stone Mining
28:46 Leather Archer Armor
29:55 Coinage
30:27 Conscription
29:28 Elite Conquistador
30:47 Ring Archer Armor
30:25 Fletching
30:28 Town Watch
31:26 Guilds
31:47 Banking
31:18 Caravan
32:06 Supremacy
32:48 Two-Man Saw
32:28 Bodkin Arrow
33:35 Chemistry
33:02 Ballistics
口古口古嘎嘎
3:23 Double-Bit Axe
7:51 Horse Collar
11:41 Feudal Age
13:21 Bow Saw
15:41 Castle Age
13:44 Heavy Plow
14:23 Gold Mining
17:43 Two-Man Saw
19:33 Wheelbarrow
22:32 Loom
25:43 Imperial Age
24:02 Hand Cart
24:20 Scale Mail Armor
24:59 Forging
25:08 Treadmill Crane
25:54 Chain Mail Armor
26:30 Iron Casting
26:00 Capped Ram
27:16 Plate Mail Armor
27:20 Squires
27:58 Iron Casting
27:48 Arson
29:30 Gold Shaft Mining
DZT_白霜魔头
12:03 Feudal Age
12:37 Horse Collar
12:43 Double-Bit Axe
12:49 Gold Mining
15:40 Castle Age
17:42 Loom
22:37 Imperial Age
21:15 Sanctity
22:26 Gold Shaft Mining
22:22 Bow Saw
23:24 Town Watch
24:16 Wheelbarrow
24:15 Block Printing
26:13 Illumination
26:42 Scale Mail Armor
29:51 Theocracy
钓鱼佬
6:18 Double-Bit Axe
6:53 Horse Collar
9:47 Loom
9:50 Loom
9:59 Gold Mining
12:27 Feudal Age
13:20 Loom
16:22 Castle Age
16:00 Bow Saw
18:18 Crossbowman
21:35 Imperial Age
19:37 Padded Archer Armor
22:35 Wheelbarrow
23:18 Chemistry
32:03 Gold Shaft Mining
33:00 Leather Archer Armor
Connection lost

Rejoining the realm…

Still unreachable

The connection could not be restored.

Session expired

The server has moved on; the page needs a fresh start.